Map: 2000 Atmospheres LE

Players

Nice

  • Race: Protoss Protoss

Percival - Winner!

  • Race: Terran Terran

Event: DreamHack SC2 Masters Last Chance 2022

VOD

Have the link to the VOD?

Description

Time

  • Played on: Dec. 15, 2021, 5:33 a.m.
  • Length: 16:11

All games in this series

Show
View Real Time Build Order
Export as new Build Order

Nice Protoss 

Build Orders: 1 Gate Expand, Phoenix Opening 

Get SALT Encoding   

  12  0:00  Probe  
  13  0:12  Probe  
  14  0:18  Pylon  
  14  0:24  Probe (Chrono Boost)  
  15  0:36  Gateway  
  15  0:38  Probe (Chrono Boost)  
  16  0:43  Probe (Chrono Boost)  
  16  0:46  Assimilator  
  17  0:53  Probe  
  18  1:05  Probe  
  19  1:17  Probe  
  20  1:23  Cybernetics Core  
  20  1:36  Nexus  
  20  1:40  Pylon  
  20  1:47  Probe  
  20  1:48  Assimilator  
  21  1:56  Stalker (Chrono Boost)  
  23  2:04  Shield Battery  
  23  2:10  Probe  
  24  2:18  Stalker (Chrono Boost)  
  25  2:24  Probe  
  26  2:36  Probe  
  27  2:47  Pylon  
  27  2:48  Probe (Chrono Boost)  
  27  2:49  Stargate  
  29  2:54  Probe (Chrono Boost)  
  29  2:57  Probe (Chrono Boost)  
  30  3:02  Probe x2 (Chrono Boost)  
  30  3:04  Warp Gate  
  31  3:13  Probe  
  31  3:14  Probe  
  33  3:25  Probe  
  33  3:26  Probe, Pylon  
  35  3:31  Phoenix (Chrono Boost)  
  37  3:37  Probe  
  37  3:38  Probe  
  39  3:47  Phoenix (Chrono Boost)  
  39  3:49  Probe  
  39  3:50  Probe  
  39  3:54  Pylon  
  43  3:59  Gateway  
  43  4:01  Probe  
  43  4:02  Probe  
  45  4:05  Phoenix (Chrono Boost)  
  47  4:13  Probe  
  47  4:14  Probe  
  49  4:21  Gateway  
  49  4:24  Oracle (Chrono Boost)  
  49  4:27  Probe  
  49  4:28  Probe  
  49  4:30  Pylon  
  54  4:39  Nexus  
  54  4:44  Probe  
  54  4:45  Probe  
  54  4:50  Shield Battery  
  54  4:56  Robotics Facility, Probe  
  54  4:57  Probe  
  54  4:59  Twilight Council  
  56  5:04  Assimilator  
  56  5:07  Assimilator  
  56  5:11  Probe x2  
  56  5:12  Shield Battery  
  58  5:23  Probe x2  
  60  5:34  Pylon  
  60  5:35  Probe x2  
  62  5:36  Charge (Chrono Boost)  
  62  5:40  Gateway  
  62  5:42  Gateway  
  62  5:46  Gateway  
  62  5:47  Probe x2  
  64  5:51  Observer (Chrono Boost)  
  64  5:52  Probe  
  66  5:59  Probe x2  
  66  6:01  Stalker, Zealot  
  66  6:03  Stalker  
  74  6:04  Probe  
  74  6:06  Immortal (Chrono Boost)  
  74  6:08  Shield Battery  
  79  6:16  Probe  
  79  6:17  Probe x2, Pylon  
  82  6:22  Robotics Bay  
  82  6:24  Forge  
  82  6:28  Forge  
  82  6:29  Probe  
  82  6:32  Probe  
  84  6:36  Probe  
  85  6:40  Assimilator  
  85  6:41  Probe  
  85  6:44  Observer (Chrono Boost), Probe  
  85  6:47  Assimilator  
  88  6:49  Pylon  
  88  6:52  Pylon  
  89  6:58  Gateway  
  89  7:00  Gateway  
  88  7:02  Observer (Chrono Boost), Protoss Ground Weapons Level 1 (Chrono Boost)  
  88  7:06  Protoss Ground Armor Level 1 (Chrono Boost), Zealot  
  88  7:07  Colossus (Chrono Boost)  
  91  7:12  Extended Thermal Lance (Chrono Boost)  
  91  7:13  Pylon  
  91  7:16  Photon Cannon  
  91  7:17  Observer  
  97  7:27  Blink  
  97  7:31  Pylon x2  
  97  7:32  Zealot x3, Sentry  
  97  7:33  Photon Cannon  
  102  7:52  Colossus (Chrono Boost)  
  102  7:57  Observer  
  108  8:07  Zealot x7  
  108  8:08  Zealot, Templar Archives  
  122  8:17  Robotics Facility  
  122  8:19  Pylon  
  122  8:38  Colossus (Chrono Boost), Nexus  
  122  8:39  Probe x3, Pylon  
  131  8:47  High Templar  
  131  8:48  Zealot x4, High Templar  
  135  8:50  High Templar x2  
  135  8:51  Probe x2  
  135  8:52  Archon, Probe  
  135  8:55  Archon  
  140  9:03  Probe  
  140  9:04  Protoss Ground Weapons Level 2 (Chrono Boost)  
  140  9:06  Probe x2  
  140  9:08  Observer (Chrono Boost)  
  140  9:15  Probe, Shield Battery  
  141  9:18  Probe  
  141  9:19  Probe  
  141  9:23  Protoss Ground Armor Level 2 (Chrono Boost)  
  143  9:27  Stalker x4  
  143  9:28  Stalker, Zealot x2  
  157  9:31  Stalker  
  159  9:42  Warp Prism (Chrono Boost)  
  159  9:49  Probe x3  
  159  9:51  Assimilator  
  159  9:52  Zealot, Assimilator  
  166  9:54  High Templar x2  
  170  10:01  Probe  
  170  10:02  Archon  
  170  10:06  Gravitic Boosters (Chrono Boost)  
  169  10:09  Pylon  
  169  10:14  Zealot x5  
  179  10:28  Photon Cannon  
  179  10:35  High Templar x4  
  187  10:37  Pylon  
  187  10:39  Archon x2  
  185  10:47  Zealot  
  183  11:00  Disruptor (Chrono Boost)  
  183  11:05  Zealot x3  
  183  11:08  Gateway, Zealot x2  
  183  11:09  Zealot, Disruptor (Chrono Boost)  
  183  11:10  Gateway  
  195  11:12  Gateway  
  195  11:14  Gateway  
  195  11:17  Dark Shrine  
  195  11:25  Observer  
  195  11:26  Protoss Ground Weapons Level 3 (Chrono Boost), Gravitic Drive  
  195  11:37  Observer  
  185  11:42  Nexus, Disruptor x2  
  185  11:45  Pylon  
  185  11:46  Photon Cannon  
  189  11:48  Photon Cannon  
  189  11:49  Shield Battery  
  189  11:50  Pylon  
  189  12:04  Zealot x3  
  189  12:05  Zealot x3  
  199  12:12  Photon Cannon  
  199  12:14  Shield Battery  
  199  12:19  Protoss Ground Armor Level 3 (Chrono Boost)  
  199  12:26  Shadow Stride (Chrono Boost)  
  199  12:27  Assimilator  
  199  12:28  Gateway  
  199  12:29  Assimilator  
  199  12:31  Gateway  
  199  12:32  Pylon  
  199  12:34  Fleet Beacon  
  199  12:36  Stargate  
  195  12:38  Stargate  
  195  12:41  Stargate  
  195  12:43  Pylon  
  190  12:45  Protoss Air Weapons Level 1 (Chrono Boost)  
  184  12:52  Probe  
  184  12:53  Probe x2  
  184  12:54  Probe  
  184  12:57  Zealot x5  
  184  12:58  Zealot x7  
  200  13:18  Cybernetics Core  
  182  13:40  Disruptor x2  
  138  13:48  Zealot x6  
  138  13:49  Zealot x7  
  138  13:51  Carrier (Chrono Boost)  
  181  13:56  Carrier (Chrono Boost)  
  181  13:57  Carrier (Chrono Boost)  
  179  14:09  Observer  
  132  14:11  Stalker x5  
  132  14:12  Stalker  
  137  14:25  Dark Templar  
  139  14:42  Zealot  
  139  14:43  High Templar x4  
  139  14:44  High Templar x2  
  151  14:47  Archon x2  
  151  14:48  Archon  
  151  14:51  Carrier (Chrono Boost)  
  156  15:00  Disruptor  
  156  15:01  Nexus, Pylon  
  156  15:03  Disruptor  
  157  15:15  Zealot x3  
  157  15:17  High Templar  
  157  15:20  High Templar  
  152  15:26  Zealot x3  
  158  15:31  Archon  
  147  15:44  Zealot  
  147  15:45  Zealot x7  
Show
View Real Time Build Order
Export as new Build Order

Percival Terran - Winner!

Build Orders:  

Get SALT Encoding   

  12  0:00  SCV  
  13  0:12  SCV  
  14  0:16  Supply Depot  
  14  0:24  SCV  
  15  0:38  SCV  
  15  0:39  Barracks  
  16  0:44  Refinery  
  16  0:50  SCV  
  16  0:54  Refinery  
  17  1:02  SCV  
  18  1:14  SCV  
  19  1:26  Reaper, Orbital Command  
  20  1:41  Factory  
  20  1:46  Supply Depot  
  20  1:50  Bunker  
  20  1:55  SCV  
  21  2:07  SCV  
  21  2:19  SCV  
  22  2:26  Command Center  
  22  2:29  Widow Mine  
  24  2:31  SCV  
  25  2:42  Starport  
  25  2:44  SCV  
  25  2:51  Widow Mine  
  28  2:53  Barracks Reactor  
  28  2:56  Supply Depot  
  28  2:59  SCV  
  29  3:11  SCV  
  30  3:18  Widow Mine  
  34  3:24  SCV  
  35  3:28  Marine  
  35  3:29  Marine  
  35  3:34  Bunker  
  37  3:36  SCV  
  37  3:40  Viking  
  37  3:41  Factory Tech Lab  
  38  3:42  Orbital Command  
  37  3:50  Marine x2  
  37  3:55  SCV  
  40  4:00  Cyclone  
  43  4:04  Orbital Command  
  43  4:07  SCV  
  46  4:19  SCV  
  46  4:22  Command Center  
  45  4:31  SCV  
  45  4:36  SCV  
  47  4:43  SCV  
  48  4:46  Supply Depot, Barracks  
  48  4:48  Marine, Barracks  
  48  4:49  SCV  
  48  4:50  Stimpack  
  50  4:52  Starport Tech Lab  
  50  4:56  Supply Depot  
  50  4:58  SCV  
  51  5:01  SCV  
  52  5:08  Marine  
  52  5:10  SCV  
  52  5:11  Factory Tech Lab  
  52  5:13  SCV  
  55  5:16  Engineering Bay  
  55  5:18  Starport Reactor  
  55  5:19  Engineering Bay  
  54  5:24  SCV  
  54  5:25  SCV, Refinery  
  54  5:26  Marine  
  54  5:27  Refinery  
  57  5:33  Marine x2  
  59  5:36  SCV  
  59  5:37  SCV  
  59  5:38  Siege Tank  
  64  5:45  Combat Shield, Marine  
  64  5:48  SCV  
  64  5:49  SCV  
  68  5:55  Terran Infantry Weapons Level 1  
  68  5:56  Terran Infantry Armor Level 1  
  68  6:00  SCV  
  68  6:01  SCV, Marine x2  
  68  6:02  Marine  
  68  6:04  Orbital Command  
  72  6:07  Marine  
  73  6:13  SCV x2  
  75  6:19  Marine x2  
  75  6:25  SCV x2, Factory Reactor, Barracks  
  78  6:26  Barracks  
  80  6:33  Medivac x2, Concussive Shells  
  80  6:37  SCV  
  84  6:40  Supply Depot  
  84  6:41  Supply Depot  
  84  6:43  Supply Depot  
  84  6:45  Ghost Academy  
  83  6:47  Armory  
  83  6:53  SCV x2  
  85  7:01  Marauder x2, SCV, Marine x2  
  85  7:04  Widow Mine x2  
  85  7:06  SCV x2  
  98  7:12  Medivac x2  
  98  7:13  SCV  
  98  7:14  Supply Depot  
  103  7:18  Supply Depot  
  103  7:19  Supply Depot  
  103  7:22  SCV x2  
  105  7:25  Barracks Tech Lab, SCV  
  105  7:26  Barracks Reactor  
  105  7:27  Enhanced Shockwaves  
  106  7:34  SCV x2  
  106  7:35  Refinery  
  108  7:37  SCV  
  108  7:44  Marine x2  
  116  7:46  SCV x2  
  116  7:50  SCV, Refinery  
  119  7:51  Supply Depot  
  119  7:52  Supply Depot  
  119  7:59  Widow Mine x2  
  119  8:00  Medivac  
  119  8:02  SCV x3  
  119  8:04  Medivac  
  130  8:10  Unknown x3  
  130  8:14  SCV x3  
  130  8:19  Command Center  
  133  8:22  Marauder x2, Marine x4  
  133  8:23  Marauder  
  143  8:31  Supply Depot  
  143  8:32  Supply Depot  
  143  8:33  Terran Infantry Weapons Level 2, Supply Depot, Terran Infantry Armor Level 2  
  143  8:40  Viking x2  
  147  8:53  Marauder x3  
  153  8:56  Barracks  
  153  8:58  Barracks x2  
  153  9:00  Starport, Missile Turret  
  153  9:04  Factory Reactor  
  153  9:07  Marine x4  
  151  9:14  Marauder  
  151  9:15  Marauder x2  
  157  9:17  Viking x2  
  161  9:30  Marine x4  
  165  9:33  Terran Ship Weapons Level 1  
  157  9:41  Missile Turret  
  157  9:43  SCV x3  
  148  9:47  Medivac x2  
  148  9:48  Barracks Tech Lab x2, Barracks Reactor  
  148  9:49  Refinery, Marine x4  
  150  10:07  Marauder x2  
  150  10:10  SCV x3  
  150  10:11  Planetary Fortress  
  150  10:13  Refinery  
  155  10:14  Unknown x2  
  155  10:19  Marine x2  
  155  10:20  Marauder, Marine x2  
  161  10:22  SCV x3  
  161  10:24  Viking  
  161  10:25  Viking  
  168  10:30  Viking  
  168  10:33  Unknown  
  168  10:34  Viking  
  172  10:38  Marine x2  
  174  10:43  Marine  
  174  10:44  Marauder x2, Marine x2  
  174  10:45  Marauder, Marine  
  174  10:48  Unknown  
  182  10:54  Widow Mine x2, Command Center  
  184  11:05  Viking x2  
  184  11:10  Supply Depot  
  184  11:11  Supply Depot  
  188  11:20  Sensor Tower  
  187  11:32  Viking x2  
  191  11:36  Terran Ship Weapons Level 2  
  191  11:37  Missile Turret  
  191  11:38  Sensor Tower, Fusion Core  
  187  11:43  Marauder x2  
  187  11:44  Marauder x2  
  192  11:54  Command Center  
  192  12:04  Marauder x2  
  192  12:05  Marauder  
  198  12:11  Unknown, Command Center  
  198  12:21  Command Center  
  198  12:23  Fusion Core  
  198  12:24  Advanced Ballistics, Command Center  
  198  12:25  Personal Cloaking  
  196  12:41  Liberator x2  
  196  12:42  Planetary Fortress  
  196  12:43  Sensor Tower  
  200  12:49  Liberator x2  
  199  12:51  SCV  
  199  12:54  Refinery  
  193  13:02  Marauder x2  
  199  13:12  Orbital Command  
  196  13:26  Orbital Command  
  191  13:30  Command Center, Unknown  
  171  13:42  Marauder x2, Marine x2  
  171  13:45  Missile Turret  
  171  13:47  Liberator x3  
  190  13:50  Liberator  
  190  13:53  Marine x2  
  190  13:54  Marauder, Marine  
  190  13:55  Marine  
  191  14:06  Marauder x2, Marine x2  
  170  14:10  Unknown x2, Marine  
  170  14:11  Marauder, Marine  
  170  14:12  Marine  
  170  14:15  Marauder  
  177  14:17  Marine  
  177  14:18  Marine  
  177  14:22  Refinery, Orbital Command  
  179  14:28  Marauder, SCV x6  
  179  14:30  Medivac x2  
  179  14:31  SCV  
  192  14:32  Missile Turret, Refinery  
  190  14:55  Sensor Tower  
  190  15:02  Command Center  
  190  15:05  SCV x3  
  198  15:07  Command Center  
  193  15:19  Marauder x2  
  184  15:35  Viking  
  184  15:36  Viking x3  
  182  15:43  Marauder x2, Marine  
  182  15:44  Marine x5  
  182  15:47  Unknown  
  182  15:48  Widow Mine x2  

Tags
 
Add a new tag
Caveats
  • Supply blocks, unpowered buildings, or Contaminate may cause inaccurate times.
  • Supply counts are checked every 10 seconds.